 Dungeon Crawl Stone Soup version 0.31-a0-240-gb923e448b6 (webtiles) character file.

Game seed: 12611314892418924017

51 Nattfarinn the Stinger (level 3, -6/21 HPs)
             Began as an Octopode Venom Mage on July 12, 2023.
             Splashed by a jelly's acid (8 damage)
             ... on level 2 of the Dungeon.
             The game lasted 00:01:25 (1337 turns).

Nattfarinn the Stinger (Octopode Venom Mage)        Turns: 1337, Time: 00:01:26

Health: -6/21      AC: -3    Str:  9    XL:     3   Next: 83%
Magic:  3/6        EV: 13    Int: 17    God:
Gold:   67         SH:  0    Dex: 12    Spells: 5/6 levels left

rFire   . . .        (no weapon)
rCold   . . .        (no shield)
rNeg    . . .        (helmet restricted)
rPois   .            (no amulet)
rElec   .            e - ring of see invisible
rCorr   .            (no ring)
SInv    +            (no ring)
Will    .....        (no ring)
Stlth   +++          (no ring)
HPRegen 0.23/turn    (no ring)
MPRegen 0.10/turn    (no ring)
                     (no ring)

%: no passive effects
@: corroded
A: almost no armour, amphibious, 8 rings, camouflage 1, gelatinous body 1,
(nimble swimmer 1), tentacles
a: no special abilities


You were on level 2 of the Dungeon.
You visited 1 branch of the dungeon, and saw 2 of its levels.

You collected 67 gold pieces.

Inventory:

Jewellery
 e - a ring of see invisible (left tentacle)
Scrolls
 b - a scroll of vulnerability {unknown}
 c - a scroll of noise {unknown}
 d - 5 scrolls of identify {unknown}
 f - a scroll of torment {unknown}
 h - a scroll of poison {unknown}
Potions
 a - 2 potions of magic
 g - a potion of attraction {unknown}


   Skills:
 - Level 2.0 Dodging
 - Level 2.6 Stealth
 - Level 2.0 Spellcasting
 - Level 1.0 Transmutations
 + Level 5.6 Poison Magic


You had 5 spell levels left.
You knew the following spells:

 Your Spells              Type           Power      Damage    Failure   Level
a - Sting                 Tmut/Pois      52%        1d5       4%          1

Your spell library contained the following spells:

 Spells                   Type           Power      Damage    Failure   Level
 Poisonous Vapours        Pois/Air       22%        N/A       10%         2
 Olgreb's Toxic Radiance  Pois           20%        N/A       19%         4
 Mephitic Cloud           Conj/Pois/Air  8%         N/A       26%         3


Dungeon Overview and Level Annotations

Branches:
Dungeon (2/15)

Altars:


Innate Abilities, Weirdness & Mutations

You cannot wear most types of armour.
You are amphibious.
You can wear up to eight rings at the same time.
Your skin changes colour to match your surroundings (Stealth+).
Your rubbery body absorbs attacks. (AC +1, EV +1)
((You are camouflaged when in or above water. (Stealth+)))
You have tentacles for arms and can constrict up to eight enemies at once.


Message History

A ball python is nearby!
A ball python comes into view.
A jelly comes into view.
The sting hits the ball python.
The ball python is poisoned.
The ball python is severely wounded.
The ball python hisses angrily. x2
The sting hits the ball python.
The ball python looks even sicker.
You kill the ball python!
You tentacle-slap the ball python but do no damage.
You grab the ball python. You squeeze the ball python.
The ball python is moderately wounded.
You constrict the ball python.
You kill the ball python!
A jelly is nearby!
You can't see any susceptible monsters within range! (Use Z to cast anyway.)
You can't see any susceptible monsters within range! (Use Z to cast anyway.)
The sting hits the jelly.
The jelly partially resists.
The jelly is poisoned.
The jelly is lightly wounded.
The jelly quivers.
The sting hits the jelly.
The jelly partially resists.
The jelly looks even sicker.
The jelly is lightly wounded.
You tentacle-slap the jelly but do no damage.
Your tentacles burn!
The jelly is moderately wounded.
The jelly barely misses you.
You tentacle-slap the jelly.
Your tentacles burn!
You squeeze the jelly, but do no damage.
The jelly is heavily wounded.
The jelly hits you. The acid corrodes you!
You are splashed with acid!
* * * LOW HITPOINT WARNING * * *
You are too injured to fight recklessly!
You tentacle-slap the jelly but do no damage.
Your tentacles burn!
* * * LOW HITPOINT WARNING * * *
The jelly is heavily wounded.
The jelly hits you.
* * * LOW HITPOINT WARNING * * *
You are splashed with acid!
You die...

##.................#
............#
......##....#
.....$......# #
......##....##.#
...............##
<#...###........#
...........##.##
....###@..# .#
.......J..# .
...###....# # .....#
......# ........
#.##.#.### #. #. .#


You could see a jelly (very poisoned).

Vanquished Creatures
  A gnoll (D:1)
  An adder (D:2)
  A dart slug (D:1)
  3 endoplasms (D:1)
  A goblin (D:1)
  A hobgoblin (D:1)
  6 jackals
  A kobold (D:1)
  A quokka (D:1)
  4 ball pythons
  3 bats (D:1)
  4 frilled lizards
  3 rats (D:1)
30 creatures vanquished.

Notes
Turn   | Place    | Note
-------+----------+-------------------------------------------
     0 | D:1      | Nattfarinn the Octopode Venom Mage began the quest for the
                  | Orb.
     0 | D:1      | Reached XP level 1. HP: 11/11 MP: 3/3
   100 | D:1      | Reached skill level 4 in Poison Magic
   300 | D:1      | Reached XP level 2. HP: 17/17 MP: 3/5
   627 | D:1      | Reached skill level 5 in Poison Magic
   627 | D:1      | Reached XP level 3. HP: 21/21 MP: 3/6
  1110 | D:2      | Found a faded altar of an unknown god.
  1337 | D:2      | Splashed by a jelly's acid

Illustrated notes

Levels and vault maps discovered:
D:1:      dpeg_arrival_shrine, layout_loops_ring, hangedman_decor_slide_cut
D:2:      kennysheep_six_static_rooms, layout_basic,
          ebering_ecumenical_altar_mist

Skill      XL: |  1  2 |
---------------+-------+-----
Poison Magic   | 4 5 |  5.6
Dodging        | |  2.0
Stealth        | |  2.6
Spellcasting   | |  2.0
Transmutations | |  1.0

Action                     || total
---------------------------++-------
  Melee: Unarmed           ||    49
         Constrict         ||    13
         Tentacles         ||     6
         Punch             ||     1
   Cast: Sting             ||    38
 Armour: Skin              ||     7
  Dodge: Dodged            ||    41

Table legend: (Time is in decaauts)
 A = Elapsed time spent in this place.
 B = Non-inter-level travel time spent in this place.
 C = Inter-level travel time spent in this place.
 D = Time resting spent in this place.
 E = Time spent auto-exploring this place.
 F = Levels seen in this place.
 G = Mean time per level.
                   A        B        C        D        E       F      G
               +--------+--------+--------+--------+--------+-----+--------+
         Total |   1336 |   1325 |     11 |      0 |   1123 |   2 |  668.0 |
       Dungeon |   1336 |   1325 |     11 |      0 |   1123 |   2 |  668.0 |
               +--------+--------+--------+--------+--------+-----+--------+

Top non-repeatable levels by time:
     D:1: 1109 daAuts
     D:2: 226 daAuts
